General information
- name: BNet
- type: Ladder team game (AT/RT)
- host: Battle.net
- saver: bLinn
map: UpperKingdom
- players: 6
- length: 60:24
- speed: Fast
- version: 1.21 W3XP
- replay type:

» download(396 KB)
Players
team 1 (loser)

»
GayNproud- (
red | 108 APM | 6491 actions | 60:18)
6 Crypt Lord
3 Carrion Beetles
1 Spiked Carapace
1 Impale
1 Locust Swarm
5 Death Knight
3 Death Coil
1 Unholy Aura
1 Death Pact
3 Dreadlord
2 Sleep
1 Vampiric Aura
» actions
| Assign group hotkey | 143 | |
| Basic commands | 379 | |
| Build / train | 91 | |
| ESC pressed | 6 | |
| Enter build submenu | 29 | |
| Enter hero's abilities submenu | 15 | |
| Give item / drop item | 2 | |
| Right click | 1812 | |
| Select / deselect | 846 | |
| Select group hotkey | 2984 | |
| Use ability | 184 | |
6491 total
» units
| Acolyte | 6 | |
| Ghoul | 5 | |
| Crypt Fiend | 23 | |
| Obsidian Statue | 9 | |
| Frost Wyrm | 4 | |
47 total
» upgrades
| Burrow | 1 | |
| Web | 1 | |
| Destroyer Form | 1 | |
| Creature Attack | 3 | |
| Creature Carapace | 3 | |
| Freezing Breath | 1 | |
10 total
» buildings
| Graveyard | 1 | |
| Crypt | 3 | |
| Ziggurat | 9 | |
| Altar of Darkness | 2 | |
| Tomb of Relics | 1 | |
| Nerubian Tower | 1 | |
| Halls of the Dead | 1 | |
| Spirit Tower | 3 | |
| Slaughterhouse | 2 | |
| Black Citadel | 1 | |
| Sacrificial Pit | 1 | |
| Boneyard | 4 | |
29 total
» build order
00:10 Graveyard
00:16 Crypt
00:32 Ziggurat
00:50 Altar of Darkness
01:07 Tomb of Relics
01:37 Ziggurat
02:40 Nerubian Tower
04:15 Ziggurat
05:38 Halls of the Dead
06:44 Spirit Tower
07:32 Ziggurat
08:23 Slaughterhouse
10:08 Black Citadel
10:13 Ziggurat
11:20 Slaughterhouse
15:55 Ziggurat
15:56 Ziggurat
15:57 Ziggurat
16:03 Ziggurat
22:20 Sacrificial Pit
23:31 Boneyard
23:33 Boneyard
23:35 Boneyard
24:45 Crypt
25:27 Crypt
31:26 Spirit Tower
32:06 Spirit Tower
36:28 Altar of Darkness
43:06 Boneyard
» items
| Rod of Necromancy | 2 | |
| Dust of Appearance | 2 | |
| Potion of Healing | 2 | |
| Scroll of Town Portal | 3 | |
| Orb of Corruption | 2 | |
11 total

»
I.Play.For.Food (
purple | 56 APM | 3377 actions | 60:22)
5 Priestess of the Moon
3 Trueshot Aura
1 Searing Arrows
1 Scout
3 Demon Hunter
2 Mana Burn
1 Evasion
» actions
| Assign group hotkey | 42 | |
| Basic commands | 376 | |
| Build / train | 155 | |
| Enter build submenu | 32 | |
| Enter hero's abilities submenu | 8 | |
| Give item / drop item | 1 | |
| Remove unit from queue | 2 | |
| Right click | 1037 | |
| Select / deselect | 606 | |
| Select group hotkey | 982 | |
| Use ability | 135 | |
3377 total
» units
| Wisp | 63 | |
| Huntress | 11 | |
| Glaive Thrower | 12 | |
| Hippogryph | 28 | |
| Faerie Dragon | 8 | |
| Frost Wyrm | 2 | |
124 total
» upgrades
| Strength of the Wild | 3 | |
| Reinforced Hides | 3 | |
| Well Spring | 1 | |
7 total
» buildings
| Altar of Elders | 1 | |
| Moon Well | 4 | |
| Hunter's Hall | 1 | |
| Ancient of War | 2 | |
| Tree of Life | 8 | |
| Tree of Ages | 1 | |
| Ancient of Wind | 2 | |
| Ancient of Wonders | 1 | |
| Tree of Eternity | 1 | |
| Ancient Protector | 5 | |
| Ancient of Lore | 2 | |
28 total
» build order
00:05 Altar of Elders
00:20 Moon Well
01:43 Hunter's Hall
02:15 Ancient of War
02:26 Ancient of War
02:45 Moon Well
02:49 Moon Well
03:22 Moon Well
06:59 Tree of Life
12:31 Tree of Life
17:35 Tree of Life
19:17 Tree of Ages
21:41 Ancient of Wind
21:45 Ancient of Wind
22:23 Ancient of Wonders
25:10 Tree of Life
25:50 Tree of Life
26:35 Tree of Eternity
29:38 Tree of Life
36:55 Ancient Protector
36:58 Ancient Protector
37:08 Ancient Protector
37:12 Ancient Protector
43:40 Ancient Protector
49:21 Tree of Life
55:14 Tree of Life
59:52 Ancient of Lore
59:55 Ancient of Lore
» items
| Scroll of Town Portal | 2 | |
| Scroll of Healing | 4 | |
| Staff of Preservation | 1 | |
| Potion of Healing | 3 | |
10 total

»
ThE)EnD (
yellow | 59 APM | 3013 actions | 51:02)
6 Death Knight
3 Death Coil
3 Unholy Aura
3 Lich
2 Frost Nova
1 Frost Armor
» actions
| Assign group hotkey | 39 | |
| Basic commands | 2 | |
| Build / train | 98 | |
| Enter build submenu | 25 | |
| Enter hero's abilities submenu | 9 | |
| Give item / drop item | 2 | |
| Remove unit from queue | 3 | |
| Right click | 1094 | |
| Select / deselect | 452 | |
| Select group hotkey | 1190 | |
| Use ability | 99 | |
3013 total
» units
| Acolyte | 16 | |
| Ghoul | 4 | |
| Crypt Fiend | 10 | |
| Frost Wyrm | 19 | |
49 total
» upgrades
| Web | 1 | |
| Creature Attack | 3 | |
| Creature Carapace | 2 | |
| Freezing Breath | 1 | |
7 total
» buildings
| Altar of Darkness | 1 | |
| Crypt | 1 | |
| Ziggurat | 23 | |
| Graveyard | 1 | |
| Tomb of Relics | 1 | |
| Spirit Tower | 8 | |
| Nerubian Tower | 1 | |
| Halls of the Dead | 1 | |
| Black Citadel | 1 | |
| Sacrificial Pit | 1 | |
| Boneyard | 3 | |
42 total
» build order
00:28 Altar of Darkness
00:37 Crypt
00:43 Ziggurat
00:52 Graveyard
01:15 Ziggurat
01:29 Tomb of Relics
02:32 Spirit Tower
02:36 Nerubian Tower
05:19 Ziggurat
07:06 Spirit Tower
08:33 Halls of the Dead
08:38 Spirit Tower
10:17 Ziggurat
11:18 Black Citadel
12:15 Sacrificial Pit
13:15 Ziggurat
13:17 Ziggurat
13:27 Ziggurat
14:01 Boneyard
14:11 Boneyard
14:43 Boneyard
15:42 Ziggurat
15:43 Ziggurat
24:44 Spirit Tower
29:02 Spirit Tower
29:19 Ziggurat
29:20 Ziggurat
29:21 Ziggurat
38:28 Ziggurat
38:54 Ziggurat
38:55 Ziggurat
38:56 Ziggurat
38:59 Ziggurat
39:02 Ziggurat
39:53 Spirit Tower
40:20 Spirit Tower
40:40 Spirit Tower
41:15 Ziggurat
41:25 Ziggurat
42:25 Spirit Tower
48:44 Ziggurat
48:46 Ziggurat
48:47 Ziggurat
» items
| Dust of Appearance | 1 | |
| Rod of Necromancy | 1 | |
| Orb of Corruption | 1 | |
| Scroll of Healing | 5 | |
| Potion of Mana | 3 | |
| Potion of Healing | 2 | |
| Scroll of Town Portal | 4 | |
17 total
team 2 (winner)
BEAR_AND (
blue | 65 APM | 3943 actions | 60:23)
8 Warden
3 Shadow Strike
3 Blink
1 Spirit of Vengeance
1 Fan of Knives
» actions
| Assign group hotkey | 17 | |
| Build / train | 101 | |
| Enter build submenu | 18 | |
| Enter hero's abilities submenu | 8 | |
| Give item / drop item | 1 | |
| Remove unit from queue | 7 | |
| Right click | 2493 | |
| Select / deselect | 407 | |
| Select group hotkey | 628 | |
| Use ability | 260 | |
3943 total
» units
| Wisp | 25 | |
| Hippogryph | 23 | |
| Druid of the Talon | 16 | |
64 total
» upgrades
| Strength of the Wild | 3 | |
| Ultravision | 1 | |
| Nature's Blessing | 1 | |
| Well Spring | 1 | |
| Reinforced Hides | 3 | |
| Druid of the Talon Training | 2 | |
| Mark of the Talon | 1 | |
12 total
» buildings
| Altar of Elders | 2 | |
| Moon Well | 5 | |
| Hunter's Hall | 1 | |
| Tree of Ages | 1 | |
| Ancient of Wonders | 1 | |
| Ancient Protector | 1 | |
| Tree of Eternity | 1 | |
| Ancient of Wind | 1 | |
| Tree of Life | 4 | |
17 total
» build order
00:05 Altar of Elders
00:10 Moon Well
00:45 Moon Well
05:28 Hunter's Hall
05:31 Moon Well
05:33 Moon Well
05:33 Moon Well
06:08 Tree of Ages
06:29 Ancient of Wonders
06:37 Ancient Protector
09:54 Altar of Elders
11:45 Tree of Eternity
11:50 Ancient of Wind
12:50 Tree of Life
22:05 Tree of Life
34:42 Tree of Life
58:37 Tree of Life
» items
| Scroll of Town Portal | 4 | |
| Orb of Lightning | 1 | |
| Tiny Great Hall | 2 | |
7 total
bLinn (
green | 99 APM | 5966 actions | 60:24)
10 Blademaster
3 Wind Walk
3 Critical Strike
1 Bladestorm
3 Mirror Image
» actions
| Assign group hotkey | 190 | |
| Basic commands | 26 | |
| Build / train | 134 | |
| ESC pressed | 24 | |
| Enter build submenu | 73 | |
| Enter hero's abilities submenu | 10 | |
| Give item / drop item | 2 | |
| Remove unit from queue | 31 | |
| Right click | 3058 | |
| Select / deselect | 495 | |
| Select group hotkey | 1522 | |
| Use ability | 401 | |
5966 total
» units
| Peon | 16 | |
| Troll Batrider | 10 | |
| Wind Rider | 12 | |
| Demolisher | 1 | |
39 total
» upgrades
| Spiked Barricades | 3 | |
| Ranged Weapons | 3 | |
| Armor | 3 | |
| Reinforced Defenses | 1 | |
| Envenomed Spears | 1 | |
| Burning Oil | 0 | |
| Liquid Fire | 0 | |
11 total
» buildings
| Altar of Storms | 6 | |
| Orc Burrow | 11 | |
| War Mill | 1 | |
| Watch Tower | 42 | |
| Stronghold | 5 | |
| Voodoo Lounge | 1 | |
| Beastiary | 2 | |
| Fortress | 4 | |
| Great Hall | 4 | |
| Barracks | 1 | |
77 total
» build order
00:02 Altar of Storms
00:16 Orc Burrow
00:34 War Mill
01:40 Orc Burrow
01:51 Watch Tower
02:15 Watch Tower
02:44 Stronghold
02:50 Watch Tower
03:19 Watch Tower
03:20 Watch Tower
03:30 Voodoo Lounge
03:41 Watch Tower
03:49 Watch Tower
04:07 Watch Tower
04:18 Stronghold
04:18 Stronghold
04:18 Stronghold
04:23 Watch Tower
04:31 Watch Tower
04:41 Watch Tower
05:00 Watch Tower
05:12 Watch Tower
05:21 Watch Tower
06:06 Watch Tower
06:10 Orc Burrow
06:25 Watch Tower
06:52 Beastiary
06:55 Beastiary
07:17 Watch Tower
08:35 Orc Burrow
09:57 Fortress
09:57 Fortress
09:57 Fortress
12:52 Great Hall
13:00 Watch Tower
13:00 Watch Tower
13:00 Watch Tower
14:45 Watch Tower
14:45 Watch Tower
14:46 Watch Tower
15:38 Great Hall
16:28 Watch Tower
16:29 Watch Tower
16:29 Watch Tower
22:32 Watch Tower
22:32 Watch Tower
23:33 Watch Tower
23:34 Watch Tower
24:34 Watch Tower
26:06 Great Hall
26:07 Watch Tower
32:22 Barracks
33:03 Orc Burrow
33:04 Orc Burrow
33:06 Orc Burrow
36:54 Great Hall
39:13 Watch Tower
39:15 Watch Tower
40:20 Watch Tower
40:21 Watch Tower
40:23 Watch Tower
40:27 Watch Tower
40:31 Watch Tower
40:33 Watch Tower
40:34 Watch Tower
47:48 Watch Tower
49:58 Altar of Storms
50:00 Orc Burrow
50:02 Altar of Storms
50:07 Altar of Storms
50:08 Orc Burrow
50:13 Altar of Storms
50:36 Altar of Storms
50:40 Orc Burrow
50:41 Orc Burrow
» items
| Healing Salve | 5 | |
| Lesser Clarity Potion | 7 | |
| Scroll of Speed | 1 | |
| Scroll of Town Portal | 3 | |
| Potion of Healing | 1 | |
| Staff of Sanctuary | 1 | |
18 total
dirtmcWORDUP (
teal | 74 APM | 4464 actions | 60:23)
7 Archmage
3 Blizzard
3 Brilliance Aura
1 Mass Teleport
6 Blood Mage
3 Flame Strike
2 Siphon Mana
1 Summon Phoenix
» actions
| Assign group hotkey | 14 | |
| Basic commands | 76 | |
| Build / train | 115 | |
| ESC pressed | 1 | |
| Enter build submenu | 76 | |
| Enter hero's abilities submenu | 13 | |
| Give item / drop item | 3 | |
| Right click | 1736 | |
| Select / deselect | 333 | |
| Select group hotkey | 1267 | |
| Use ability | 830 | |
4464 total
» units
| Peasant | 21 | |
| Dragonhawk Rider | 11 | |
32 total
» upgrades
| Masonry | 3 | |
| Lumber Harvesting | 2 | |
| Magic Sentry | 1 | |
| Cloud | 1 | |
| Armor | 3 | |
| Swords | 3 | |
| Animal War Training | 1 | |
14 total
» buildings
| Altar of Kings | 1 | |
| Farm | 9 | |
| Lumber Mill | 2 | |
| Scout Tower | 122 | |
| Arcane Tower | 4 | |
| Guard Tower | 38 | |
| Keep | 3 | |
| Arcane Vault | 1 | |
| Castle | 1 | |
| Arcane Sanctum | 1 | |
| Blacksmith | 1 | |
| Gryphon Aviary | 2 | |
| Town Hall | 1 | |
| Barracks | 1 | |
187 total
» build order
00:11 Altar of Kings
00:17 Farm
00:52 Lumber Mill
01:21 Scout Tower
01:21 Scout Tower
01:29 Scout Tower
01:45 Scout Tower
01:46 Scout Tower
01:49 Arcane Tower
02:02 Arcane Tower
02:06 Scout Tower
02:12 Farm
02:24 Scout Tower
02:25 Scout Tower
02:26 Scout Tower
02:27 Scout Tower
02:30 Guard Tower
02:43 Guard Tower
02:46 Scout Tower
03:30 Guard Tower
03:34 Guard Tower
03:37 Scout Tower
03:38 Scout Tower
03:41 Scout Tower
03:48 Guard Tower
03:56 Scout Tower
04:17 Guard Tower
04:36 Guard Tower
04:39 Lumber Mill
04:44 Guard Tower
04:50 Scout Tower
04:50 Scout Tower
04:51 Scout Tower
04:52 Scout Tower
04:53 Scout Tower
04:54 Scout Tower
04:55 Scout Tower
04:56 Scout Tower
05:26 Keep
05:26 Keep
05:28 Guard Tower
06:07 Guard Tower
06:11 Scout Tower
06:12 Scout Tower
06:12 Scout Tower
06:13 Scout Tower
06:36 Guard Tower
07:11 Guard Tower
07:14 Scout Tower
07:15 Scout Tower
07:17 Scout Tower
07:18 Scout Tower
07:21 Guard Tower
07:29 Scout Tower
07:31 Scout Tower
07:34 Scout Tower
07:37 Scout Tower
07:40 Scout Tower
07:40 Scout Tower
08:46 Guard Tower
08:49 Arcane Vault
08:51 Castle
08:57 Farm
08:58 Farm
08:59 Farm
10:05 Arcane Sanctum
10:58 Guard Tower
11:51 Blacksmith
11:55 Farm
11:56 Farm
11:56 Farm
11:57 Farm
12:36 Scout Tower
12:37 Scout Tower
12:37 Scout Tower
12:39 Scout Tower
12:40 Scout Tower
12:41 Scout Tower
12:42 Scout Tower
12:42 Scout Tower
12:45 Scout Tower
12:46 Scout Tower
12:47 Scout Tower
13:14 Gryphon Aviary
13:14 Gryphon Aviary
13:45 Guard Tower
14:33 Scout Tower
14:34 Scout Tower
14:34 Scout Tower
14:35 Scout Tower
14:36 Scout Tower
16:25 Town Hall
16:29 Scout Tower
16:30 Scout Tower
16:31 Scout Tower
16:32 Scout Tower
16:33 Scout Tower
16:34 Scout Tower
16:34 Scout Tower
16:36 Scout Tower
17:12 Guard Tower
17:15 Guard Tower
17:19 Scout Tower
17:20 Scout Tower
17:21 Scout Tower
17:22 Scout Tower
17:23 Scout Tower
17:25 Scout Tower
17:26 Scout Tower
17:27 Scout Tower
17:28 Scout Tower
17:30 Scout Tower
17:31 Scout Tower
17:31 Scout Tower
17:32 Scout Tower
17:35 Guard Tower
17:49 Scout Tower
17:53 Scout Tower
17:55 Scout Tower
18:03 Scout Tower
18:04 Scout Tower
18:10 Guard Tower
18:17 Guard Tower
18:26 Arcane Tower
18:30 Guard Tower
18:52 Guard Tower
18:54 Scout Tower
19:27 Scout Tower
19:28 Scout Tower
19:29 Scout Tower
19:31 Scout Tower
19:33 Scout Tower
19:34 Scout Tower
19:45 Barracks
20:14 Scout Tower
20:15 Scout Tower
21:40 Guard Tower
22:01 Guard Tower
22:10 Arcane Tower
23:44 Scout Tower
23:57 Scout Tower
24:15 Guard Tower
24:17 Scout Tower
24:18 Scout Tower
24:19 Scout Tower
24:20 Scout Tower
24:21 Scout Tower
24:22 Scout Tower
24:23 Scout Tower
24:26 Scout Tower
24:27 Scout Tower
24:28 Scout Tower
24:29 Scout Tower
24:30 Scout Tower
24:30 Scout Tower
24:46 Guard Tower
24:59 Guard Tower
26:15 Guard Tower
27:02 Guard Tower
27:06 Guard Tower
27:09 Scout Tower
27:10 Scout Tower
27:10 Scout Tower
27:11 Scout Tower
27:12 Scout Tower
27:12 Scout Tower
27:15 Scout Tower
27:15 Scout Tower
28:23 Guard Tower
28:40 Guard Tower
29:26 Guard Tower
31:03 Scout Tower
31:04 Scout Tower
31:05 Scout Tower
31:06 Scout Tower
31:08 Scout Tower
31:10 Scout Tower
31:12 Scout Tower
31:13 Scout Tower
31:14 Scout Tower
31:14 Scout Tower
31:15 Scout Tower
31:43 Guard Tower
32:09 Guard Tower
32:18 Guard Tower
32:33 Guard Tower
» items
| Staff of Sanctuary | 2 | |
| Scroll of Town Portal | 2 | |
| Scroll of Regeneration | 1 | |
| Orb of Lightning | 2 | |
7 total
Chat log
(00:44 / Allies) bLinn: tight rhymes bro
(01:13 / Allies) bLinn: i'm just towerin myself right?
(02:32 / Allies) bLinn: no cold tower uh oh
(03:11 / Allies) bLinn: pretty good fare
(03:27 / All) ThE)EnD: lol
(06:59 / Allies) bLinn: well red is on his way
(07:00 / Allies) bLinn: to whom i do not know
(07:25 / Allies) bLinn: uh oh
(07:34 / Allies) bLinn: potm
(08:51 / Allies) bLinn: haha what
(09:25 / Allies) bLinn: this is kinda embarassing for them
(10:13 / Allies) bLinn: which side we goin
(12:38 / Allies) bLinn: nice play by tim pulling them away
(13:24 / Allies) bLinn: being able to creep expos with only air while taking no damage
(13:26 / Allies) bLinn: is pretty cool
(13:52 / Allies) bLinn: dotts?
(14:04 / Allies) bLinn: yo this is funny to me
(14:10 / Allies) bLinn: i can just creep all the expos
(14:11 / Allies) bLinn: takin no damage
(14:34 / Allies) bLinn: i'll bring my blade
(14:39 / Allies) bLinn: and have my wyverns check their expo
(15:05 / Allies) bLinn: let's do it
(15:08 / Allies) bLinn: do it mc go it
(15:26 / Allies) bLinn: bear
(15:29 / Allies) bLinn: manner stone
(15:37 / Allies) BEAR_AND: nice
(15:38 / Allies) BEAR_AND: thanks
(15:41 / Allies) bLinn: i already have one
(16:22 / Allies) bLinn: bear can i get a lil lum
(16:40 / Allies) bLinn: much thanks
(16:57 / Allies) bLinn: my blade is looking pretty sweet right now
(17:01 / Allies) bLinn: orb of frost, boots, +9 claws
(17:11 / Allies) bLinn: yeah on this map it's v good
(17:20 / Allies) bLinn: doin this
(17:50 / Allies) bLinn: come anyway
(17:52 / Allies) bLinn: i'm about to hit 5
(18:13 / Allies) bLinn: good drop
(18:54 / Allies) bLinn: uh oh
(19:06 / Allies) bLinn: bringing bats for inevitable destroyers
(19:11 / Allies) bLinn: haha
(19:45 / Allies) bLinn: potm
(20:05 / Allies) bLinn: maybe leave it? idk
(21:12 / Allies) bLinn: get in
(21:19 / Allies) bLinn: flol
(21:36 / Allies) bLinn: i'm at 8k how about u
(21:40 / Allies) BEAR_AND: 5k
(21:50 / Allies) bLinn: lemme know if you need anythin
(21:56 / Allies) bLinn: haha that's awesome
(22:02 / Allies) bLinn: i got like no free workers though
(22:04 / Allies) bLinn: to stay at 50
(22:13 / Allies) bLinn: i'll fund it but i can't help build it
(22:22 / Allies) bLinn: also i'm at 6 so
(22:37 / Allies) bLinn: if you wanna creep and use my wyvs
(22:39 / Allies) bLinn: go ahead
(22:57 / Allies) bLinn: need em a sec
(23:06 / Allies) bLinn: er nevermind
(23:08 / Allies) bLinn: my blade will do
(23:16 / Allies) bLinn: 210 crit noice
(23:56 / Allies) bLinn: focus
(24:24 / Allies) bLinn: flol
(24:28 / Allies) bLinn: sorry
(24:43 / Allies) bLinn: thought your attention might have been elsewhere y'know
(25:17 / Allies) bLinn: walk there i guess
(25:30 / Allies) bLinn: pounce when everybody's ready
(25:46 / Allies) bLinn: oh my god
(26:14 / Allies) bLinn: how much did we kill there
(26:22 / Allies) bLinn: that is insane
(26:39 / Allies) bLinn: but they only have like one xpo
(26:59 / Allies) bLinn: i checked this 2 seconds ago
(27:01 / Allies) bLinn: and it ain't taken
(27:52 / Allies) bLinn: watch out
(27:54 / Allies) bLinn: all their shit
(27:59 / Allies) bLinn: fight with towers instead
(28:07 / Allies) bLinn: tp man
(28:20 / Allies) bLinn: i'll go storm a base
(28:31 / Allies) bLinn: bear noooo
(28:52 / Allies) bLinn: forced a tpp
(29:40 / Allies) bLinn: me too like 1k or so
(29:58 / Allies) bLinn: they probably going to go again soo
(30:01 / Allies) bLinn: n
(30:37 / Allies) bLinn: fuckk
(30:44 / Allies) bLinn: let's hit them?
(31:12 / Allies) bLinn: we'll have to save this
(31:30 / Allies) bLinn: if it comes to it y'know
(33:47 / Allies) bLinn: hah
(33:50 / Allies) bLinn: that dreadlord got a surprise
(37:09 / Allies) bLinn: haha
(37:34 / All) ThE)EnD: bear
(37:35 / All) ThE)EnD: what u doing
(37:40 / Allies) bLinn: reveal
(37:45 / Allies) bLinn: reveal plz
(37:53 / Allies) bLinn: 2 late
(38:01 / Allies) bLinn: it was a burrowed fiend he just coiled it nevermind
(38:19 / Allies) bLinn: orc team runnin
(39:02 / Allies) bLinn: where can i even build these towers
(39:54 / Allies) bLinn: lollin
(41:31 / Allies) bLinn: STORMIN DIS
(42:05 / Allies) bLinn: rev
(42:24 / Allies) bLinn: damn thought i could get one more hit
(42:38 / All) ThE)EnD: guys u at much together?
(42:54 / Allies) bLinn: wait i'll bring wyvs
(42:55 / Allies) bLinn: maybe
(42:58 / All) dirtmcWORDUP: u lose wyrms much?
(43:01 / Allies) bLinn: nevermind i guess
(43:43 / Allies) bLinn: bit too dangerous to try assassinate
(43:46 / Allies) bLinn: with 12 million wyrms
(44:37 / Allies) bLinn: thought i had more
(44:41 / Allies) bLinn: somewhere
(44:58 / Allies) bLinn: nevermind i guess
(45:18 / Allies) bLinn: i got 15k
(46:30 / Allies) bLinn: nearly 10
(46:50 / Allies) bLinn: 13 xp
(48:19 / Allies) bLinn: oh i forgot
(48:20 / Allies) bLinn: no more gold income
(48:23 / Allies) bLinn: guess i'm going 80 bats
(48:38 / Allies) bLinn: OK
(49:31 / Allies) bLinn: o fuk
(49:37 / Allies) bLinn: no tp
(49:51 / Allies) bLinn: what's wrong with my altar
(50:45 / Allies) bLinn: yeah
(51:02 / Allies) bLinn: i'd like to y'know i'd like to it's just about numbers of bats
(51:08 / All) BEAR_AND: farewel noop
(51:15 / All) bLinn: farvel, human valkyrie
(51:33 / Allies) bLinn: when you leave with a valkyrie it says "farvel" cos it's all nordic and shit
(51:48 / Allies) bLinn: no
(51:57 / Allies) bLinn: but you can play like a dwarf one
(53:02 / Allies) bLinn: oh fuck
(55:45 / Allies) bLinn: i don't!
(55:54 / Allies) bLinn: yeah
(55:55 / Allies) bLinn: about to say
(55:57 / Allies) bLinn: wanna rock it?
(57:16 / Allies) bLinn: comin
(57:16 / Allies) bLinn: comin
(57:41 / Allies) bLinn: i lost so much shit
(58:44 / All) BEAR_AND: leaf noops
(59:05 / Allies) bLinn: lol
(59:57 / Allies) bLinn: wow
(59:59 / All) BEAR_AND: u may go now
(60:05 / All) BEAR_AND: leave my presence
(60:11 / All) bLinn: gl hf